 Dungeon Crawl Stone Soup version 0.31-a0-8-gd14b0f4ee2 (console) character file.

Game seed: 16003742728084292157

288932 petzl the Eclecticist (level 22, -60/262 HPs)
             Began as a Formicid Delver on May 6, 2023.
             Was the Champion of Vehumet.
             Killed from afar by Boris (67 damage)
             ... with an iron shot
             ... on level 4 of the Vaults on May 9, 2023.
             The game lasted 07:35:02 (64357 turns).

petzl the Eclecticist (Formicid Delver)            Turns: 64357, Time: 07:35:03

Health: -60/262    AC: 35    Str: 17    XL:     22   Next: 2%
Magic:  18/42      EV:  2    Int: 29    God:    Vehumet [******]
Gold:   1970       SH:  8    Dex: 13    Spells: 12/53 levels left

rFire   . . .        a - +7 shortbow {flame, rPois Int+7 Dex-5}
rCold   . . .        k - +2 buckler {reflect}
rNeg    . . .        i - melded +5 ring mail {rPois}
rPois   +            (helmet unavailable)
rElec   .            q - melded scarf {rC+ rF+}
rCorr   .            j - melded +2 pair of gloves {Dex+3}
SInv    .            m - melded +2 pair of boots
Will    ++...        I - amulet of the acrobat
Stlth   ++++         V - +4 ring of protection
HPRegen 0.63/turn    v - ring of flight
MPRegen 0.28/turn

%: reflection, acrobat
@: tree-form, very slow
A: stationary, stasis, torment immunity, boosted hp, permanent stasis, dig
shafts and tunnels, (antennae 3), four strong arms, (camouflage 1), agile 1,
clever 1
}: 1/15 runes: decaying
a: Renounce Religion


You were on level 4 of the Vaults.
You worshipped Vehumet.
Vehumet was exalted by your worship.
You were a tree.
You visited 9 branches of the dungeon, and saw 36 of its levels.
You visited the Abyss 1 time.

You collected 4532 gold pieces.
You spent 2562 gold pieces at shops.

Inventory:

Hand Weapons
 a - the +7 shortbow of Deflation (weapon) {flame, rPois Int+7 Dex-5}
   (You found it on level 11 of the Dungeon)

   Int:       It affects your intelligence (+7).
   Dex:       It affects your dexterity (-5).
   rPois:     It protects you from poison.
 b - the +6 quarterstaff of Doubt {venom, rF+ Will+ Dex+2}
   (You found it on level 3 of the Dungeon)

   Dex:       It affects your dexterity (+2).
   rF:        It protects you from fire.
   Will:      It increases your willpower.
 c - the +4 long sword "Newtbane" {protect, rN+ MP+9}
   (You took it off an orc warrior on level 11 of the Dungeon)

   rN:        It protects you from negative energy.
   MP:        It affects your magic capacity (+9).
 H - the +7 rapier of Triumph {freeze, rCorr Int+3 SInv Stlth-}
   (You bought it in a shop on level 2 of the Elven Halls)

   Int:       It affects your intelligence (+3).
   SInv:      It lets you see invisible.
   rCorr:     It protects you from acid and corrosion.
   Stlth:     It makes you less stealthy.
Missiles
 n - 72 poisoned darts
 r - 4 throwing nets
 Q - 9 curare-tipped darts
Armour
 i - a +5 ring mail of poison resistance (melded)
 j - a +2 pair of gloves of dexterity (melded)
 k - a +2 buckler of reflection (worn)
 m - a +2 pair of boots (melded)
 p - an orb of light
 q - a scarf of resistance (melded)
Jewellery
 v - a ring of flight (right branch)
 I - an amulet of the acrobat (around neck)
 V - a +4 ring of protection (left branch)
Wands
 f - a wand of digging (7)
 B - a wand of paralysis (39)
 O - a wand of mindburst (29)
 T - a wand of quicksilver (19)
 X - a wand of iceblast (9)
Scrolls
 d - 4 scrolls of magic mapping
 e - 8 scrolls of fear
 h - a scroll of enchant armour
 s - 12 scrolls of identify
 w - 5 scrolls of poison
 Z - 9 scrolls of fog
Potions
 g - 3 potions of flight
 A - 6 potions of lignification
 C - a potion of curing
 E - 6 potions of brilliance
 K - 4 potions of resistance
Miscellaneous
 J - a box of beasts
 Y - a phial of floods


   Skills:
 - Level 15.0 Fighting
 + Level 11.0(11.2) Maces & Flails
 - Level 3.5(7.9) Staves
 - Level 5.0 Ranged Weapons
 - Level 8.4 Armour
 - Level 4.0 Dodging
 - Level 9.0 Stealth
 - Level 10.8 Shields
 + Level 16.1 Spellcasting
 + Level 14.0 Conjurations
 - Level 7.5 Translocations
 * Level 14.6 Fire Magic
 - Level 8.0 Ice Magic
 - Level 8.0 Air Magic
 - Level 6.0 Earth Magic
 - Level 6.0 Poison Magic
 - Level 3.0 Evocations


You had 12 spell levels left.
You knew the following spells:

 Your Spells              Type           Power      Damage    Failure   Level
a - Iskenderun's Mystic   Conj/Tloc      72%        2d15      1%          4
b - Fireball              Conj/Fire      41%        3d17      1%          5
d - Iron Shot             Conj/Erth      34%        9d7       1%          6
l - Freezing Cloud        Conj/Ice/Air   34%        6-21      1%          5
o - Orb of Destruction    Conj           40%        9d11      1%          7
p - Apportation           Tloc           100%       N/A       1%          1
A - Ozocubu's Armour      Ice            63%        N/A       1%          3
C - Conjure Ball Lightni  Conj/Air       36%        3x3d12    1%          6
T - Olgreb's Toxic Radia  Pois           55%        N/A       1%          4

Your spell library contained the following spells:

 Spells                   Type           Power      Damage    Failure   Level
 Lehudib's Crystal Spear  Conj/Erth      34%        10d9      50%         8
 Fire Storm               Conj/Fire      41%        8d10      82%         9
 Shatter                  Erth           27%        3d23*     100%        9
 Foxfire                  Conj/Fire      100%       2x1d9     0%          1
 Magic Dart               Conj           100%       1d8       0%          1
 Scorch                   Fire           100%       2d9       0%          2
 Searing Ray              Conj           100%       2d8       0%          2
 Freeze                   Ice            100%       1d10      1%          1
 Sandblast                Erth           100%       2d20      1%          1
 Shock                    Conj/Air       100%       1d9       1%          1
 Sting                    Tmut/Pois      100%       1d8       1%          1
 Cigotuvi's Dreadful Rot  Necr/Pois/Air  100%       N/A       1%          2
 Passwall                 Tmut/Erth      33%        N/A       1%          2
 Poisonous Vapours        Pois/Air       100%       N/A       1%          2
 Dazzling Flash           Conj/Hex       100%       N/A       1%          3
 Frozen Ramparts          Ice            100%       1d16      1%          3
 Hailstorm                Conj/Ice       72%        3d15      1%          3
 Mephitic Cloud           Conj/Pois/Air  67%        N/A       1%          3
 Portal Projectile        Hex/Tloc       90%        N/A       1%          3
 Spider Form              Tmut/Pois      40%        N/A       1%          3
 Stone Arrow              Conj/Erth      100%       3d13      1%          3
 Volatile Blastmotes      Fire/Tloc      100%       2d18      1%          3
 Airstrike                Air            31%        2d(5-21)  1%          4
 Flame Wave               Conj/Fire      82%        2d18      1%          4
 Fulminant Prism          Conj/Hex       29%        3d14      1%          4
 Manifold Assault         Tloc           61%        N/A       1%          4
 Lee's Rapid Deconstruct  Erth           27%        3d15*     1%          5
 Plasma Beam              Fire/Air       36%        2x1d54    1%          6
 Starburst                Conj/Fire      41%        6d12      1%          6
 Beastly Appendage        Tmut           46%        N/A       2%          1
 Necrotise                Necr           92%        1d8       2%          1
 Summon Small Mammal      Summ           92%        N/A       2%          1
 Call Imp                 Summ           46%        N/A       3%          2
 Wereblood                Tmut           23%        N/A       3%          2
 Ice Form                 Ice/Tmut       46%        N/A       4%          4
 Summon Ice Beast         Ice/Summ       46%        N/A       4%          4
 Call Canine Familiar     Summ           23%        N/A       7%          3
 Summon Guardian Golem    Hex/Summ       23%        N/A       7%          3
 Tukima's Dance           Hex            23%        N/A       7%          3
 Animate Armour           Summ/Erth      80%        N/A       7%          4
 Leda's Liquefaction      Hex/Erth       20%        N/A       7%          4
 Ignition                 Fire           41%        3d12      11%         8
 Dispersal                Tloc           30%        N/A       16%         6
 Ozocubu's Refrigeration  Ice            31%        4d14      19%         7
 Anguish                  Hex/Necr       11%        N/A       24%         4
 Dispel Undead            Necr           23%        3d12      24%         4
 Spellforged Servitor     Conj/Summ      29%        N/A       28%         7
 Blade Hands              Tmut           11%        N/A       54%         5
 Simulacrum               Ice/Necr       23%        N/A       56%         6
 Statue Form              Tmut/Erth      26%        N/A       71%         6
 Death Channel            Necr           11%        N/A       98%         6
 Summon Cactus Giant      Summ           11%        N/A       98%         6
 Chain Lightning          Conj/Air       36%        3d48      99%         9
 Enfeeble                 Hex            11%        N/A       100%        7
 Discord                  Hex            11%        N/A       100%        8
 Disjunction              Tloc           30%        N/A       100%        8
 Death's Door             Necr           11%        N/A       100%        9
 Swiftness                Air            Unusable   N/A       N/A         3

Dungeon Overview and Level Annotations

Branches:
Dungeon (15/15)            Temple (1/1) D:4            Lair (5/5) D:10
  Swamp (4/4) Lair:2       Spider (1/4) Lair:3        Slime (0/5) Lair:4
    Orc (2/2) D:10            Elf (3/3) Orc:2        Vaults (4/5) D:13
 Depths (1/4) D:15
  Crypt: Vaults:2-3

Altars:
Cheibriados
Elyvilon
Hepliaklqana
Kikubaaqudgha
Makhleb
Vehumet
Wu Jian
Xom
Yredelemnul

Shops:
D:3 [   D:6 (   D:10 :   D:14 !   Orc:2 (*=*   Elf:1 (   Elf:2 (

Annotations:
D:12 3 runed translucent doors, mandoloar's ghost, journeyman HOFi; sirJeffrey23's ghost, journeyman FoFi; ytrimaz's ghost, journeyman DjFE
D:15 exclusion: downstairs
Lair:3 exclusion: downstairs
Swamp:1 1 transporter, Yjojym Zeich's ghost, adept HuWn
Swamp:2 exclusion: 2 downstairs
Vaults:1 exclusion: downstairs
Vaults:3 exclusion: upstairs
Vaults:4 Boris


Innate Abilities, Weirdness & Mutations

You are a tree.
Your roots penetrate the ground, keeping you stationary.
You cannot be teleported.
You are immune to unholy pain and torment.
Your maximum health is greatly increased.
Your equipment is partially melded.
You cannot be hasted, slowed, berserked, paralysed or teleported.
You can dig through walls and to a lower floor.
((You have a pair of large antennae on your head. (SInv)))
Your four strong arms can wield two-handed weapons with a shield.
((Your skin changes colour to match your surroundings (Stealth+).))
You are agile. (Dex +4, Str/Int -1)
Your mind is acute. (Int +4, Str/Dex -1)


Message History

Your +2 buckler of reflection blocks the torrent of water... and reflects it back!
The torrent of water hits Bai Suzhen!!!
The wave splashes down.
You hear a horrible gurgling sound! x2
Casting: Iskenderun's Mystic Blast (safe; 1% risk of failure)
Confirm with . or Enter, or press ? or * to list all spells.
You erupt in a blast of force!
The mystic blast hits something!
The mystic blast hits Bai Suzhen!
Bai Suzhen is almost dead.
Bai Suzhen is knocked back by the mystic blast.
A deep troll comes into view.
You are engulfed in a thunderstorm.
* * * LOW HITPOINT WARNING * * *
Bai Suzhen bites you but does no damage.
Bai Suzhen claws you but does no damage.
Bai Suzhen tramples you but does no damage.
You feel better.
You are engulfed in a thunderstorm.
* * * LOW HITPOINT WARNING * * *
Bai Suzhen bites you but does no damage.
Bai Suzhen claws you but does no damage.
Bai Suzhen tramples you but does no damage.
Casting: Iskenderun's Mystic Blast (safe; 1% risk of failure)
Confirm with . or Enter, or press ? or * to list all spells.
You erupt in a blast of force!
The mystic blast hits something!
The mystic blast hits Bai Suzhen.
Bai Suzhen is almost dead.
You are engulfed in a thunderstorm.
* * * LOW HITPOINT WARNING * * *
Bai Suzhen breathes water at you.
Your +2 buckler of reflection blocks the torrent of water... and reflects it back!
The torrent of water hits Bai Suzhen!!
You kill Bai Suzhen!
Vehumet accepts your kill.
You feel your power returning.
You hear a splash.
The storm dragon scales {Bai Suzhen} are intact enough to wear.
The wave splashes down.
You hear some strange, mumbled words.
An iron shot appears from out of thin air!
The iron shot hits you!!!
You die...

#####** ***#.....##########
,,,#...)T[........#
,,,#....†#†.......######## ####
,,,+.d##*#......~~#......# ####..#
,,,#,,,,,#...T.§§♣#......####..#...
,,,*,,*,,#.^...~[§'......'..#....#.
,,,*,,,,,#.....§~§'.....$'..).#....
,,,****{{##########......###....#..
****,,,,,* #..{...# ###..).#
****,,*,,* #......# ###...
*,,*,,,,,* #......# ###.
*,,*,<************#....$.# ##
,,,+,,,,,**,,,,,,,#......# ***
,,,*,*,*,**,,,,,,,+...L..# **,**
,***,,,,,**,,,,,,,+.....[# **,,,**
,* ****,,**,,,,,,,*,,,,,,* *,,{,,*
** *,,,,,**,,,,,,,*,,,,,,* **,{{**
*,,*,,**,,,,,,,*,,,,,,* **,**
*,,,,,**,,,,,,,*,,,,,,*****+****
********,,,,,,,*,,,,,,*,,,,,,,,,
*,,,,,,,*,,,,,,*,,,,,,,,,
*,,,,,,,*,,,,,,*,,*******
*,,,,,,,*,,,,,,*,,*,,*,,*


You could see a deep troll.

Vanquished Creatures
  Bai Suzhen (Vaults:4)
  Saint Roka (Vaults:1)
  Nikola (Swamp:4)
  Jorgrun (Swamp:2)
  A lich (Depths:1)
  A tentacled monstrosity (Swamp:2)
  2 deep elf master archers (Elf:3)
  3 deep elf blademasters
  3 sphinxes
  Gastronok (D:9)
  Kirke (Swamp:3)
  A thorn hunter (Swamp:4)
  A tengu reaver (Vaults:1)
  2 fenstrider witches
  4 vault wardens
  5 deep elf sorcerers (Elf:3)
  4 deep elf elementalists (Elf:3)
  11 ironbound preservers
  A war gargoyle (Vaults:4)
  5 very ugly things
  4 ironbound thunderhulks
  10 deep elf demonologists
  6 dire elephants
  6 deep elf annihilators
  5 eleionomae
  9 bunyips
  9 deep elf death magi (Elf:3)
  An ettin (Vaults:3)
  2 green deaths (Swamp:4)
  2 entropy weavers
  4 great orbs of eyes
  Josephine (Orc:1)
  A vault guard (Vaults:1)
  2 ice dragons
  4 yaktaur captains
  2 deep elf high priests
  A merfolk avatar (Lair:5)
  20 hydras
  3 catoblepae
  4 ogre magi
  2 ghost crabs
  A peacekeeper (Vaults:4)
  A hell beast (Swamp:4)
  11 centaur warriors
  7 boulder beetles
  9 ironbound frosthearts
  9 alligators
  A tengu warrior (D:14)
  18 two-headed ogres
  A titan zombie (D:15)
  30 dancing weapons
  2 orc high priests
  12 deep elf knights
  Sonja (Orc:1)
  9 spriggans
  2 skeletal warriors
  3 skysharks
  Lodul (D:14)
  25 deep trolls
  2 goliath frogs
  12 swamp dragons
  2 sea snakes (Lair:5)
  6 bog bodies
  A death drake (Swamp:1)
  11 ironbound convokers
  6 spriggan druids
  An obsidian statue (D:11)
  6 lindwurms
  9 deep elf archers
  5 necromancers
  A lindwurm (shapeshifter) (Elf:1)
  30 deep elf pyromancers
  7 harpies
  2 orc sorcerers
  3 phantasmal warriors
  19 ugly things
  35 deep elf zephyrmancers
  7 cyclopes
  A wolf spider (Lair:3)
  3 manticores
  2 frost giant zombies (D:15)
  A will-o-the-wisp (Swamp:2)
  A tengu skeleton (Vaults:2)
  8 elephants
  A demonic crawler (Lair:3)
  5 vault sentinels (Vaults:1)
  2 ice statues
  Joseph (D:7)
  3 black mambas
  Maggie (D:6)
  11 cane toads
  2 gargoyles (D:12)
  A yaktaur zombie (Vaults:2)
  2 orange demons (Swamp:4)
  An elf skeleton (Vaults:2)
  An unseen horror (D:12)
  5 centaur skeletons
  A kobold demonologist (D:13)
  An efreet (D:15)
  12 komodo dragons
  20 yaktaurs
  5 rime drakes
  A tengu conjurer (Depths:1)
  A guardian mummy (D:15)
  4 polar bears
  14 trolls
  A bloated husk (Swamp:2)
  7 hornets
  5 tyrant leeches
  10 blink frogs
  10 dream sheep (Lair:5)
  A harpy skeleton (D:15)
  A spriggan zombie (D:15)
  An ettin zombie (Vaults:2)
  A stone giant simulacrum (Abyss:2)
  A raiju (Abyss:3)
  37 slime creatures
  A large abomination (Swamp:4)
  A vampire (D:9)
  6 air elementals
  4 shadows
  A water elemental (Elf:3)
  7 wraiths
  2 culicivoras
  3 fire elementals (Elf:3)
  7 wyverns
  8 basilisks
  3 hogs (Swamp:3)
  32 yaks
  3 humans (Swamp:3)
  A redback (Vaults:4)
  2 steam dragons
  8 vampire mosquitoes
  A two-headed ogre zombie (D:10)
  2 wargs
  3 acid dragons
  7 water moccasins
  23 swamp worms
  5 swamp drakes
  2 black bears
  A sky beast (D:7)
  A black bear (shapeshifter) (Elf:2)
  16 orc warriors
  12 ice beasts
  34 ogres
  A boggart (D:13)
  A human skeleton (Vaults:2)
  6 wolves (Lair:3)
  13 centaurs
  7 kobold brigands
  4 phantoms
  An earth elemental (Orc:2)
  A gnoll sergeant (D:8)
  8 bullfrogs
  2 scorpions
  9 wights
  3 killer bees (D:7)
  A troll zombie (D:10)
  6 howler monkeys
  An electric eel (Lair:2)
  2 centaur zombies
  4 jellies
  2 hounds (D:4)
  10 orc priests
  Crazy Yiuf (D:7)
  A gnoll bouda (D:8)
  3 iguanas
  A sleepcap (D:7)
  Natasha (thrice) (D:4)
  11 orc wizards
  A killer bee zombie (D:8)
  6 ogre zombies (D:10)
  Robin (D:2)
  13 gnolls
  6 adders
  A shadow imp (D:5)
  A white imp (D:7)
  2 ufetubi (D:5)
  A worm (D:3)
  2 dart slugs
  43 orcs
  7 ball pythons
  5 endoplasms
  2 giant cockroaches
  14 goblins
  8 hobgoblins
  11 jackals
  33 kobolds
  2 quokkas
  6 bats
  6 frilled lizards
  3 goblin zombies (D:10)
  3 hobgoblin skeletons (D:10)
  4 hobgoblin zombies (D:10)
  2 orc skeletons (D:10)
  13 orc zombies (D:10)
  4 rats
1140 creatures vanquished.

Vanquished Creatures (others)
  A thorn hunter (Swamp:3)
  A will-o-the-wisp (Swamp:3)
  An orc wizard (D:5)
  A quokka (D:15)
  15 ball lightnings
  A bush (Lair:2)
  14 foxfires
  37 fungi
  91 plants
  10 withered plants (D:15)
172 creatures vanquished.

Grand Total: 1312 creatures vanquished

Notes
Turn   | Place    | Note
-------+----------+-------------------------------------------
     0 | D:5      | petzl the Formicid Delver began the quest for the Orb.
     0 | D:5      | Reached XP level 1. HP: 18/18 MP: 1/1
    67 | D:7      | Noticed a killer bee
    68 | D:7      | Noticed a killer bee
    75 | D:6      | Found Quolap's Antique Weapon Boutique.
   120 | D:7      | Noticed Joseph
   127 | D:8      | Noticed a black bear
   170 | D:7      | Noticed a kobold brigand
   455 | D:5      | Reached XP level 2. HP: 18/24 MP: 2/2
   484 | D:5      | Noticed a phantom
   521 | D:5      | Identified the +1 leather armour of Ru's Pride {rF+}
   728 | D:3      | Identified the +6 quarterstaff of Doubt {venom, rF+ Will+
                  | Dex+2}
   738 | D:3      | Reached XP level 3. HP: 28/30 MP: 3/3
   758 | D:3      | Found Rerhenta's Armour Boutique.
   807 | D:3      | Noticed an ice beast
   868 | D:4      | Noticed a scorpion
   868 | D:4      | Noticed an ogre
   947 | D:2      | Noticed Robin
   974 | D:2      | Killed Robin
   975 | D:2      | Reached skill level 1 in Staves
   975 | D:2      | Reached skill level 1 in Spellcasting
   975 | D:2      | Reached XP level 4. HP: 27/37 MP: 3/5
  1061 | D:2      | Found a radiant altar of Vehumet.
  1073 | D:2      | Became a worshipper of Vehumet
  1078 | D:2      | Learned a level 2 spell: Poisonous Vapours
  1544 | D:1      | Found a faded altar of an unknown god.
  1843 | D:1      | Reached * piety under Vehumet
  1843 | D:1      | Offered knowledge of Kiss of Death by Vehumet.
  1987 | D:2      | Identified the +3 war axe "Zaveton" {flame, *Noise Str+5}
  2079 | D:2      | Reached skill level 1 in Poison Magic
  2125 | D:2      | Reached XP level 5. HP: 42/42 MP: 7/7
  2691 | D:4      | Found a staircase to the Ecumenical Temple.
  2700 | Temple   | Entered the Ecumenical Temple
  2794 | D:4      | Noticed a phantom
  2842 | D:4      | Reached skill level 1 in Air Magic
  2905 | D:4      | Noticed Natasha
  2909 | D:4      | Killed Natasha
  2910 | D:4      | Reached skill level 2 in Spellcasting
  2910 | D:4      | Reached XP level 6. HP: 48/48 MP: 7/9
  3195 | D:5      | Noticed an ogre
  3201 | D:4      | Killed an ogre
  3278 | D:5      | Learned a level 1 spell: Apportation
  3282 | D:5      | Learned a level 3 spell: Ozocubu's Armour
  3330 | D:5      | You are sucked into a shaft and drop 3 floors!
  3456 | D:8      | Noticed a water moccasin
  3474 | D:8      | Reached XP level 7. HP: 55/55 MP: 9/11
  3478 | D:8      | Killed a water moccasin
  3636 | D:8      | Gained mutation: You are frail. (-10% HP) [potion of
                  | mutation]
  3636 | D:8      | Gained mutation: You passively map a small area around you.
                  | [potion of mutation]
  3755 | D:8      | Identified the ring "Ungeepu" {rC+ rN+ Str+5 Int-5 Dex+3}
  3875 | D:8      | Reached skill level 3 in Spellcasting
  3893 | D:8      | Reached skill level 1 in Ice Magic
  4017 | D:8      | Found an ancient bone altar of Kikubaaqudgha.
  4057 | D:8      | Offered knowledge of Freeze by Vehumet.
  4159 | D:8      | Found a burning altar of Makhleb.
  4268 | D:8      | Reached ** piety under Vehumet
  4275 | D:8      | Reached XP level 8. HP: 40/54 MP: 13/13
  4546 | D:8      | Found a basalt altar of Yredelemnul.
  4647 | D:7      | Found a hazy altar of Hepliaklqana.
  4701 | D:7      | Reached skill level 4 in Spellcasting
  4708 | D:7      | HP: 2/54 [orc priest/divine providence (14)]
  4728 | D:7      | Noticed a yak
  4730 | D:7      | Noticed a yak
  4732 | D:7      | Noticed a yak
  4733 | D:7      | You fall into a shaft and drop 1 floor!
  4929 | D:7      | Noticed an ice statue
  4985 | D:7      | Found a runed translucent door.
  4986 | D:7      | Noticed Crazy Yiuf
  4995 | D:7      | Killed Crazy Yiuf
  5111 | D:7      | Reached skill level 5 in Ice Magic
  5225 | D:7      | Reached skill level 5 in Spellcasting
  5250 | D:7      | Reached XP level 9. HP: 42/60 MP: 16/16
  5261 | D:7      | Offered knowledge of Scorch by Vehumet.
  5265 | D:7      | Learned a level 2 spell: Scorch
  5622 | D:3      | Found an ornate altar of the Wu Jian Council.
  5707 | D:4      | Noticed Natasha
  5719 | D:4      | Reached *** piety under Vehumet
  5752 | D:4      | Killed Natasha
  5795 | D:4      | Noticed Natasha
  5829 | D:4      | Killed Natasha
  6119 | D:4      | Reached skill level 6 in Spellcasting
  6667 | D:5      | Offered knowledge of Frozen Ramparts by Vehumet.
  6711 | D:5      | Found a shimmering altar of Xom.
  7073 | D:6      | Noticed Maggie
  7348 | D:6      | Reached skill level 5 in Fighting
  7348 | D:6      | Reached skill level 1 in Armour
  7543 | D:6      | Bought a glowing sling for 108 gold pieces
  7666 | D:6      | Found a radiant altar of Vehumet.
  7793 | D:6      | Killed Maggie
  7794 | D:6      | Reached XP level 10. HP: 62/66 MP: 7/20
  7968 | D:10     | Entered Level 10 of the Dungeon
  8626 | D:9      | Noticed Gastronok
  8731 | D:9      | Reached **** piety under Vehumet
  8741 | D:9      | Offered knowledge of Freezing Cloud by Vehumet.
  8748 | D:9      | Learned a level 5 spell: Freezing Cloud
  9067 | D:10     | Reached skill level 7 in Spellcasting
  9506 | D:9      | Reached skill level 1 in Conjurations
  9846 | D:9      | You fall into a shaft and drop 2 floors!
 10393 | D:10     | Reached XP level 11. HP: 73/73 MP: 17/22
 10443 | D:11     | Noticed a two-headed ogre
 11203 | D:10     | Found Seanliss's Book Shoppe.
 11213 | D:10     | Noticed a four-headed hydra
 11240 | D:10     | Killed a four-headed hydra
 11241 | D:10     | Reached skill level 1 in Shields
 11348 | D:10     | Reached ***** piety under Vehumet
 11353 | D:10     | Offered knowledge of Iskenderun's Mystic Blast by Vehumet.
 11380 | D:10     | Learned a level 4 spell: Iskenderun's Mystic Blast
 11389 | D:10     | Found a snail-covered altar of Cheibriados.
 11568 | D:10     | Found a staircase to the Orcish Mines.
 11740 | D:10     | Found a staircase to the Lair.
 11979 | D:11     | Noticed a two-headed ogre
 11984 | D:11     | Noticed a two-headed ogre
 11984 | D:11     | Noticed an ogre mage
 11986 | D:11     | Noticed a purple ugly thing
 11987 | D:11     | Killed a two-headed ogre
 11992 | D:11     | Killed an ogre mage
 11995 | D:11     | Killed a purple ugly thing
 11996 | D:11     | Reached skill level 5 in Armour
 11996 | D:11     | Reached skill level 8 in Spellcasting
 12150 | D:11     | Identified the +4 long sword "Newtbane" {protect, rN+ MP+9}
 12353 | D:11     | Noticed a two-headed ogre
 12368 | D:11     | Killed a two-headed ogre
 12555 | D:11     | Noticed a two-headed ogre
 12571 | D:11     | Killed a two-headed ogre
 12572 | D:11     | Reached skill level 5 in Conjurations
 12572 | D:11     | Reached XP level 12. HP: 77/81 MP: 10/24
 12748 | D:11     | Killed a two-headed ogre
 12749 | D:11     | Reached skill level 5 in Air Magic
 12864 | D:11     | Identified the +7 shortbow of Deflation {flame, rPois Int+7
                  | Dex-5}
 13007 | D:11     | You fall into a shaft and drop 1 floor!
 13064 | D:12     | Noticed a boulder beetle
 13087 | D:12     | Noticed a centaur warrior
 13092 | D:12     | Killed a centaur warrior
 13359 | D:12     | Killed a boulder beetle
 13635 | D:12     | Found a runed translucent gate.
 13910 | D:12     | Reached skill level 5 in Shields
 14196 | D:12     | Found a runed translucent gate.
 14196 | D:12     | Found a runed translucent gate.
 14196 | D:12     | Noticed sirJeffrey23's ghost (journeyman FoFi)
 14197 | D:12     | Noticed ytrimaz's ghost (journeyman DjFE)
 14197 | D:12     | Noticed mandoloar's ghost (journeyman HOFi)
 14289 | D:11     | Identified the staff of poison "Xyalaox" {rPois rF- rN+++
                  | rCorr Dex+3}
 14398 | D:11     | Killed a two-headed ogre
 15077 | D:13     | Noticed an ice dragon
 15208 | D:14     | Reached XP level 13. HP: 88/88 MP: 22/25
 15395 | D:14     | Reached skill level 1 in Translocations
 15395 | D:14     | Reached skill level 1 in Fire Magic
 15524 | D:14     | Reached skill level 9 in Spellcasting
 15692 | D:15     | Entered Level 15 of the Dungeon
 16021 | D:13     | Noticed a centaur warrior
 16105 | Lair:1   | Entered Level 1 of the Lair of Beasts
 16532 | Lair:2   | Noticed a catoblepas
 16548 | Lair:2   | Killed a catoblepas
 18085 | Lair:2   | Reached XP level 14. HP: 94/94 MP: 6/27
 18251 | Lair:2   | Reached XP level 15. HP: 107/107 MP: 28/28
 18514 | Lair:2   | Found a staircase to the Swamp.
 19147 | Lair:3   | Offered knowledge of Flame Wave by Vehumet.
 19332 | Lair:3   | Found a hole to the Spider Nest.
 20355 | Lair:4   | Found a staircase to the Slime Pits.
 20655 | Lair:5   | Entered Level 5 of the Lair of Beasts
 20671 | Lair:5   | Identified the ring of Freedom {rElec rN+}
 21240 | Lair:5   | Reached skill level 1 in Ranged Weapons
 21420 | Lair:5   | Reached skill level 10 in Spellcasting
 22089 | Lair:5   | Offered knowledge of Conjure Ball Lightning by Vehumet.
 22097 | Lair:5   | Learned a level 6 spell: Conjure Ball Lightning
 22717 | Lair:2   | Learned a level 4 spell: Olgreb's Toxic Radiance
 22930 | D:10     | Bought a book of Fire for 660 gold pieces
 22936 | D:10     | Learned a level 5 spell: Fireball
 23190 | D:7      | Killed Joseph
 23191 | D:7      | Reached skill level 5 in Poison Magic
 23228 | D:7      | Reached skill level 5 in Fire Magic
 23419 | D:9      | Killed Gastronok
 24209 | D:11     | Gained mutation: You occasionally shout uncontrollably at
                  | your foes. [a neqoxec]
 24662 | D:14     | Found Zeshots's Distillery.
 25074 | D:15     | Reached XP level 16. HP: 112/112 MP: 22/30
 25631 | D:15     | Reached skill level 5 in Translocations
 26079 | D:14     | Noticed Lodul
 26088 | D:14     | Killed Lodul
 26400 | D:13     | Reached skill level 11 in Spellcasting
 27253 | D:13     | Found a gate to the Vaults.
 28019 | D:13     | Reached skill level 10 in Conjurations
 29082 | D:15     | Found a staircase to the Depths.
 29642 | D:15     | Found a white marble altar of Elyvilon.
 30215 | D:15     | Learned a level 6 spell: Iron Shot
 30337 | Orc:1    | Entered Level 1 of the Orcish Mines
 30343 | Orc:1    | Noticed Josephine
 30353 | Orc:1    | Killed Josephine
 30354 | Orc:1    | Reached skill level 1 in Evocations
 30716 | Orc:1    | Offered knowledge of Iskenderun's Battlesphere by Vehumet.
 30820 | Orc:1    | Noticed Sonja
 30851 | Orc:1    | Killed Sonja
 31100 | Orc:2    | Entered Level 2 of the Orcish Mines
 31554 | Orc:2    | Found a staircase to the Elven Halls.
 31564 | Elf:1    | Entered Level 1 of the Elven Halls
 31858 | Orc:2    | Reached skill level 5 in Ranged Weapons
 32303 | Orc:2    | Reached XP level 17. HP: 117/117 MP: 17/32
 32712 | Orc:2    | Offered knowledge of Irradiate by Vehumet.
 32779 | Orc:2    | Found Mawnatt's Assorted Antiques.
 32784 | Orc:2    | Found Xohadar's Jewellery Boutique.
 32827 | Orc:2    | Found Leoffothro's General Store.
 32828 | Orc:2    | Found Cubyiked's Antique Weapon Emporium.
 32858 | Orc:2    | Bought a pair of glowing gloves for 270 gold pieces
 32858 | Orc:2    | Bought a scroll of identify for 72 gold pieces
 33733 | Elf:2    | Reached skill level 12 in Spellcasting
 34965 | D:3      | Bought a +4 ring mail of poison resistance for 392 gold
                  | pieces
 35428 | Spider:1 | Entered Level 1 of the Spider Nest
 35508 | Swamp:1  | Entered Level 1 of the Swamp
 35661 | Orc:2    | Bought a ring of flight for 192 gold pieces
 35839 | Swamp:1  | Found a transporter.
 36008 | Swamp:1  | Reached skill level 1 in Earth Magic
 36416 | Swamp:1  | Reached skill level 5 in Maces & Flails
 37251 | Elf:2    | Found Isetorche's Antique Weapon Emporium.
 37261 | Elf:2    | Bought a polished rapier for 288 gold pieces
 37261 | Elf:2    | Identified the +7 rapier of Triumph {freeze, rCorr Int+3
                  | SInv Stlth-} (You bought it in a shop on level 2 of the
                  | Elven Halls)
 37815 | D:15     | Lost mutation: You occasionally shout uncontrollably at
                  | your foes. [potion of mutation]
 37815 | D:15     | Lost mutation: You are frail. (-10% HP) [potion of
                  | mutation]
 37815 | D:15     | Lost mutation: You passively map a small area around you.
                  | [potion of mutation]
 37815 | D:15     | Gained mutation: Your skin changes colour to match your
                  | surroundings (Stealth+). [potion of mutation]
 37815 | D:15     | Gained mutation: Your mind is acute. (Int +4, Str/Dex -1)
                  | [potion of mutation]
 37815 | D:15     | Gained mutation: You are agile. (Dex +4, Str/Int -1)
                  | [potion of mutation]
 37956 | Orc:2    | Bought an amulet of the acrobat for 330 gold pieces
 38147 | Depths:1 | Entered Level 1 of the Depths
 38278 | Depths:1 | Noticed a lich
 38289 | Depths:1 | Killed a lich
 39092 | Swamp:1  | Noticed Yjojym Zeich's ghost (adept HuWn)
 39497 | Swamp:3  | Noticed Kirke
 39506 | Swamp:3  | Killed Kirke
 39752 | Swamp:1  | Offered knowledge of Yara's Violent Unravelling by Vehumet.
 39822 | Swamp:2  | Reached XP level 18. HP: 72/142 MP: 23/34
 40048 | Swamp:3  | Noticed a tentacled monstrosity
 40087 | Swamp:2  | You are sucked into a shaft and drop 1 floor!
 40788 | D:14     | Bought a potion of mutation for 80 gold pieces
 40788 | D:14     | Bought a potion of curing for 30 gold pieces
 40788 | D:14     | Bought a potion of magic for 80 gold pieces
 40788 | D:14     | Bought 2 potions of curing for 60 gold pieces
 41197 | Swamp:1  | Identified the +4 chain mail of the Healing Gods {rPois}
 42694 | Swamp:3  | Reached skill level 5 in Earth Magic
 42704 | Swamp:3  | Reached skill level 10 in Fire Magic
 42710 | Swamp:3  | Noticed Jorgrun
 42992 | D:15     | Learned a level 7 spell: Orb of Destruction
 43178 | Elf:1    | Got the Almanac of Impulse
 43623 | Elf:1    | Offered knowledge of Maxwell's Capacitive Coupling by
                  | Vehumet.
 44275 | Elf:1    | Found Fixowef's Weapon Boutique.
 44703 | Elf:2    | Reached skill level 13 in Spellcasting
 44771 | Elf:2    | Found a runed translucent gate.
 44771 | Elf:2    | Found a runed translucent gate.
 44771 | Elf:2    | Found a runed translucent gate.
 45162 | Elf:3    | Entered Level 3 of the Elven Halls
 46138 | Elf:3    | Reached XP level 19. HP: 95/152 MP: 23/36
 47181 | Elf:3    | Noticed a deep elf blademaster
 47184 | Elf:3    | Killed a deep elf blademaster
 47579 | Elf:3    | Noticed a deep elf blademaster
 47620 | Abyss:2  | Cast into level 2 of the Abyss (a deep elf sorcerer)
 47627 | Abyss:2  | Found a corrupted altar of Lugonu.
 47650 | Abyss:2  | Found a corrupted altar of Lugonu.
 47827 | Abyss:2  | Found a corrupted altar of Lugonu.
 47887 | Abyss:2  | Found a corrupted altar of Lugonu.
 47969 | Elf:3    | Escaped the Abyss
 48040 | Elf:3    | Identified the +0 leather armour of Cloud Cover {Str+3}
 48058 | Elf:3    | Identified the +8 mace "Boamim" {freeze, Contam rPois Str+9
                  | Int-3}
 48327 | Elf:3    | Identified the amulet "Bialuit" {Spirit Str+3}
 48330 | Elf:3    | Noticed an Ice Fiend
 49011 | Elf:3    | Identified the staff of conjuration "Eshraxzu" {Will+}
 49014 | Elf:3    | Identified the amulet of the Fortune-Teller {Regen+ Dex+3}
 49064 | Elf:3    | Identified the +1 spear "Kiwinaun" {freeze, Will+ rCorr
                  | Dex+2}
 49065 | Elf:3    | Reached skill level 14 in Spellcasting
 49361 | Elf:3    | Noticed a Tzitzimitl
 49363 | Elf:3    | Noticed a Hell Sentinel
 49484 | Elf:3    | Identified the +7 war axe of the Sky {freeze, Str+4}
 49535 | Elf:3    | Reached skill level 10 in Shields
 49688 | Elf:3    | Killed a deep elf blademaster
 49789 | Elf:3    | Identified the +2 arbalest "Nukejioloe" {freeze, rElec rC+
                  | Dex-5}
 49945 | Elf:3    | Identified the staff of death "Bex Ofed" {rElec rF+ rN+}
 49980 | Elf:3    | Got the Parchment of Twisted Mustering
 49997 | Elf:3    | Identified the staff of poison "Nahompiy" {rPois rF+ rN+}
 50420 | Elf:2    | Reached skill level 15 in Fighting
 50779 | Elf:2    | Noticed a deep elf blademaster
 50833 | Elf:2    | Killed a deep elf blademaster
 51093 | Elf:2    | You fall into a shaft and drop 1 floor!
 51273 | Elf:2    | Reached XP level 20. HP: 162/162 MP: 38/38
 52383 | Swamp:2  | Killed Jorgrun
 52640 | Swamp:4  | Entered Level 4 of the Swamp
 52640 | Swamp:4  | Noticed Nikola
 53128 | Swamp:2  | Killed a tentacled monstrosity
 53699 | Swamp:4  | Killed Nikola
 53798 | Swamp:4  | Reached ****** piety under Vehumet
 53805 | Swamp:4  | Offered knowledge of Lehudib's Crystal Spear by Vehumet.
 53805 | Swamp:4  | Offered knowledge of Fire Storm by Vehumet.
 53805 | Swamp:4  | Offered knowledge of Shatter by Vehumet.
 55350 | Swamp:4  | Reached skill level 15 in Spellcasting
 55751 | Swamp:4  | Got a decaying rune of Zot
 56464 | Vaults:1 | Entered Level 1 of the Vaults
 56904 | D:13     | You are sucked into a shaft and drop 2 floors!
 58133 | Vaults:1 | Reached XP level 21. HP: 168/168 MP: 24/40
 59521 | Vaults:1 | Noticed Saint Roka
 59613 | Vaults:1 | Killed Saint Roka
 60162 | Vaults:1 | Reached skill level 10 in Maces & Flails
 61578 | Vaults:1 | HP: 8/168 [white very ugly thing (21)]
 62699 | Vaults:2 | You are sucked into a shaft and drop 2 floors!
 63757 | Vaults:3 | Reached skill level 16 in Spellcasting
 64003 | Vaults:3 | You are sucked into a shaft and drop 1 floor!
 64003 | Vaults:4 | Noticed Boris
 64320 | Vaults:4 | Reached XP level 22. HP: 175/175 MP: 10/42
 64325 | Vaults:4 | Noticed Bai Suzhen
 64356 | Vaults:4 | HP: 11/262 [Bai Suzhen] (27)]
 64357 | Vaults:4 | Killed Bai Suzhen
 64357 | Vaults:4 | Killed from afar by Boris

Illustrated notes

Levels and vault maps discovered:
D:1:      dpeg_arrival_chambers_temple_mockup, layout_loops_corners,
          shapermc_ecumenical_altar_mp_highgroup
D:2:      layout_loops_ring, basic_altar, reono_crystal_passage, uniq_robin
D:3:      layout_basic, nicolae_wu_jian_immortal_techniques, serial_shops,
          nicolae_shop_statue_plus
D:4:      layout_gridville, minmay_temple_entry_drinking_statues,
          kennysheep_generic_room_14, uniq_natasha
D:5:      layout_loops_ring, mainiacjoe_overflow_alcove_4
D:6:      layout_cave_pools, marbit_many_paths, nicolae_stop_n_shop_2,
          uniq_maggie
D:7:      lemuel_ice_statue, layout_loops_ring, nzn_hepliaklqana_mist_gate,
          kennysheep_small_square, uniq_joseph, uniq_crazy_yiuf_cottage
D:8:      layout_rooms, lemuel_coloured_pillars_altar,
          lemuel_zombie_altar_yredelemnul, pf_just_have_faith
D:9:      layout_rooms, enter_bailey_2, uniq_gastronok
D:10:     layout_loops_ring, lemuel_crystal_altar, david_lair_shrubbed,
          zombieorc2_lemuel, serial_shops, shop
D:11:     layout_loops_ring, hangedman_decor_opposing, grunt_ministairs_13,
          minmay_protected_statue
D:12:     layout_cave_pools, gammafunk_ghost_cemetery
D:13:     layout_stronghold, hangedman_vaults_entry_quadrant_bands, ice2_lemuel
D:14:     layout_loops_ring, serial_shops, shop,
          infiniplex_staircase_pillars_3a, uniq_lodul
D:15:     gammafunk_depths_entry_grave, layout_gridville, elyvilon_altar_4
Temple:   minmay_temple_curvy_branch
Lair:1:   layout_chaotic_city, infiniplex_staircase_pool, grunt_megastairs_4
Lair:2:   layout_roguey, minmay_swamp_entry_worms, nicolae_lair_grazing_beasts
          [nicolae_sub_lair_graze_edge, nicolae_sub_lair_graze_edge,
          nicolae_sub_lair_graze_edge, nicolae_sub_lair_graze_edge]
Lair:3:   layout_cave_pods, dummy_spider_entry, nicolae_lair_run_with_the_wolves
Lair:4:   layout_cellular_growth, slime_entry_1,
          grunt_forest_small_clearing_treed, serial_bayou_shore_b
Lair:5:   gammafunk_lair_ancient_temple, layout_loops_ring
Swamp:1:  layout_falls_marsh, gammafunk_ghost_mausoleum,
          hangedman_swamp_ruin_hall, swamp_pool4, st_swamp_ruins_2
Swamp:2:  layout_falls_marsh, serial_swamp_ruin, evilmike_swamp_ruin_house_3,
          evilmike_swamp_ruin_rubble_2, evilmike_swamp_ruin_wall, swamp_pool2
Swamp:3:  layout_falls_marsh, evilmike_swamp_ruin_house_1, swamp_pool3,
          nicolae_swamp_no_escape, uniq_kirke, uniq_jorgrun
Swamp:4:  swamp_vile, layout_basic_swamp, swamp_pool2,
          nicolae_swamp_small_spring, uniq_nikola
Spider:1: layout_chambers, hangedman_spider_tarantella_strand, uniq_azrael
Orc:1:    layout_diamond_mine, nicolae_orc_lost_temple, uniq_sonja,
          uniq_josephine
Orc:2:    st_orc_open, layout_caves, basic_altar
Elf:1:    elf_arrival_002, layout_loops_corners, serial_shops,
          nicolae_shop_bloodbath_and_beyond, minmay_elf_annihilation
Elf:2:    nicolae_elf_blades_splatter_lattice [nooodl_blade_entry_preview],
          layout_onion_city, portal_desolation_entry_ruin, serial_shops, shop
Elf:3:    elf_hall, layout_rooms, serial_sigils, serial_sigils_hangedman_snap,
          serial_sigils_hangedman_scratch, serial_sigils_hangedman_confine,
          serial_sigils_hangedman_writhe, serial_sigils_hangedman_snap,
          serial_sigils_hangedman_shear
Vaults:1: dpeg_vaults_monster_row, st_cross, hangedman_vaults_slice,
          nicolae_vaults_trapezoid_3, ontoclasm_vaults_ring_square, v_rooms_5,
          nicolae_vaults_weapon_check, nicolae_vaults_tetromino_Z_1,
          dpeg_vaults_monster_box, grunt_vaults_hallway_short, v_misc_31,
          nicolae_vaults_tetromino_Z_2, nicolae_vaults_specimen_jars,
          layout_vaults_ring, uniq_saint_roka
Vaults:2: minmay_crypt_entry_necro_gods, vaults_room_hallway,
          vaults_mumra_hexcomb, ontoclasm_vaults_spin,
          nicolae_vaults_octothorpe, grunt_vaults_twisty, vaults_room_door_hall,
          nicolae_vaults_wine_cellar, vaults_room_fours,
          nicolae_vaults_double_plus_2, layout_vaults_quadrants
Vaults:3: nicolae_vaults_triangles, vaults_room_door_hall,
          vaults_standard_mumra_enter_the_diamond, vaults_room_glass_cross,
          nicolae_vaults_meiosis, nicolae_vaults_trapezoid_3,
          hangedman_vaults_variations, nicolae_vaults_tangram_2,
          grunt_vaults_funnel, nicolae_vaults_offset_grid_hallway_4,
          layout_vaults_omnibox, uniq_asterion
Vaults:4: infiniplex_enter_wizlab_spiral, nicolae_vaults_thirteen_compartments,
          nicolae_vaults_offset_grid_hallway_3, nicolae_vaults_house_3,
          vaults_mumra_minichess_inversion, hangedman_vaults_cutoff,
          nicolae_vaults_diamond_1, nicolae_vaults_six-pack, v_alt_pattern_1,
          nicolae_vaults_storage_closets_1, v_pattern_3,
          nicolae_vaults_tetromino_Z_1, vaults_mumra_hex,
          layout_vaults_omnicross, uniq_boris, uniq_margery, uniq_mara,
          uniq_frederick, uniq_bai_suzhen
Depths:1: layout_big_octagon, serial_shops, shop, shop, hell_entry, pan_entry,
          kennysheep_pointless_box, minmay_the_grid_square_5x5_3x3_mashed
          [minmay_the_grid_square_5x5_c,
          minmay_the_grid_square_5x5_hollow_slash,
          minmay_the_grid_square_5x5_fat_x, minmay_the_grid_square_5x5_comb,
          minmay_the_grid_square_5x5_megaprize_checkered,
          minmay_the_grid_square_5x5_meh, minmay_the_grid_square_5x5_gyroscope,
          minmay_the_grid_square_5x5_two,
          minmay_the_grid_square_5x5_two_walls_a]

Skill      XL: |  1  2  3  4  5  6  7  8  9 10 11 12 13 14 15 16 17 18 19 20 21 22 |
---------------+-------------------------------------------------------------------+-----
Dodging        | 2 4 |  4.0
Staves         | 1 2 3 |  3.5
Spellcasting   | 1 2 3 5 6 7 8 9 10 11 12 13 14 15 16 | 16.1
Poison Magic   | 1 2 3 5 6 |  6.0
Fighting       | 4 5 6 7 8 11 12 14 15 | 15.0
Air Magic      | 1 2 4 6 7 8 |  8.0
Ice Magic      | 2 6 8 |  8.0
Armour         | 1 3 5 6 7 8 |  8.4
Stealth        | 7 8 9 |  9.0
Conjurations   | 2 5 6 8 9 10 11 12 13 14 | 14.0
Shields        | 3 5 7 9 10 | 10.8
Translocations | 3 4 6 7 |  7.5
Fire Magic     | 3 5 8 9 10 11 12 14 | 14.6
Ranged Weapons | 3 5 |  5.0
Evocations     | 2 3 |  3.0
Maces & Flails | 3 5 7 8 9 10 11 | 11.0
Earth Magic    | 3 6 |  6.0

Action                     |  1- 3 |  4- 6 |  7- 9 | 10-12 | 13-15 | 16-18 | 19-21 | 22-24 || total
---------------------------+-------+-------+-------+-------+-------+-------+-------+-------++-------
  Melee: Dagger            |    44 |       |       |       |       |       |       |       ||    44
         Mace              |     2 |       |       |       |       |       |       |       ||     2
         Quarterstaff      |    24 |    97 |   181 |   230 |   103 |   191 |   171 |       ||   997
         Punch             |     3 |     1 |     3 |     4 |       |       |       |       ||    11
         War axe           |       |       |       |    15 |       |       |       |       ||    15
         Long sword        |       |       |       |       |       |    39 |    25 |       ||    64
         Rapier            |       |       |       |       |       |     1 |       |       ||     1
   Fire: Sling             |       |       |   107 |    94 |       |       |       |       ||   201
         Shortbow          |       |       |    26 |    44 |   166 |   303 |   241 |     2 ||   782
  Throw: Throwing net      |       |       |       |       |       |     7 |       |       ||     7
         Dart              |       |       |       |       |       |       |     1 |       ||     1
   Cast: Poisonous Vapours |       |       |    10 |     2 |       |       |       |       ||    12
         Freezing Cloud    |       |       |       |    78 |   180 |   309 |   210 |     1 ||   778
         Scorch            |       |       |       |    16 |     1 |       |       |       ||    17
         Ozocubu's Armour  |       |       |       |       |     5 |    27 |    20 |       ||    52
         Fireball          |       |       |       |       |    10 |    56 |    14 |       ||    80
         Conjure Ball Ligh |       |       |       |       |     7 |     1 |     1 |       ||     9
         Iskenderun's Myst |       |       |       |       |     5 |    19 |    48 |     8 ||    80
         Olgreb's Toxic Ra |       |       |       |       |       |    60 |   113 |     1 ||   174
         Iron Shot         |       |       |       |       |       |    21 |    25 |       ||    46
         Orb of Destructio |       |       |       |       |       |    22 |   195 |     1 ||   218
Ability: Dig               |     2 |       |     1 |     1 |       |     2 |     2 |       ||     8
         Shaft Self        |       |     1 |     1 |     2 |       |       |     4 |       ||     8
  Evoke: Wand              |       |       |       |     3 |     5 |     4 |     3 |       ||    15
         Box of beasts     |       |       |       |       |       |       |     3 |       ||     3
         Phial of floods   |       |       |       |       |       |       |     1 |       ||     1
    Use: Potion            |     1 |     1 |     2 |     5 |     4 |    14 |     9 |     4 ||    40
         Scroll            |       |       |     6 |     4 |     5 |     7 |     3 |     1 ||    26
   Stab: Sleeping          |     3 |    18 |     3 |       |       |     1 |       |       ||    25
         Distracted        |       |     1 |       |       |       |       |       |       ||     1
         Invisible         |       |       |       |       |       |     1 |       |       ||     1
 Armour: Leather armour    |    23 |    29 |    72 |    92 |    48 |    75 |       |       ||   339
         Robe              |       |       |       |       |       |    28 |       |       ||    28
         Ring mail         |       |       |       |       |       |   119 |   243 |     1 ||   363
         Skin              |       |       |       |       |       |       |       |    29 ||    29
  Dodge: Dodged            |    43 |    87 |   154 |   198 |    74 |   288 |   311 |     4 ||  1159
  Block: Buckler           |       |       |       |    36 |    50 |   135 |   224 |    12 ||   457
         Reflection        |       |       |       |       |       |       |     7 |     4 ||    11

Table legend: (Time is in decaauts)
 A = Elapsed time spent in this place.
 B = Non-inter-level travel time spent in this place.
 C = Inter-level travel time spent in this place.
 D = Time resting spent in this place.
 E = Time spent auto-exploring this place.
 F = Levels seen in this place.
 G = Mean time per level.
                   A        B        C        D        E       F      G
               +--------+--------+--------+--------+--------+-----+--------+
         Total |  65015 |  57872 |   7143 |  26105 |  11437 |  38 | 1710.9 |
       Dungeon |  29090 |  24513 |   4577 |  10557 |   5960 |  15 | 1939.3 |
        Temple |      1 |      1 |      0 |      0 |      0 |   1 |    1.0 |
          Lair |   8547 |   7053 |   1494 |   2692 |   2746 |   5 | 1709.4 |
         Swamp |   7704 |   7378 |    326 |   3881 |    533 |   4 | 1926.0 |
   Spider Nest |      4 |      4 |      0 |      0 |      0 |   1 |    4.0 |
  Orcish Mines |   3855 |   3525 |    330 |   2056 |    680 |   2 | 1927.5 |
   Elven Halls |   9755 |   9390 |    365 |   4320 |   1162 |   3 | 3251.7 |
        Vaults |   5658 |   5610 |     48 |   2597 |    356 |   4 | 1414.5 |
        Depths |     51 |     51 |      0 |      0 |      0 |   1 |   51.0 |
         Abyss |    346 |    346 |      0 |      0 |      0 |   2 |  173.0 |
               +--------+--------+--------+--------+--------+-----+--------+

Top non-repeatable levels by time:
    D:13: 4773 daAuts
   Elf:2: 3811 daAuts
   Elf:3: 3447 daAuts
    D:14: 3393 daAuts
Vaults:1: 3352 daAuts
    D:11: 2894 daAuts
    D:15: 2750 daAuts
    D:10: 2600 daAuts
     D:8: 2537 daAuts
   Orc:2: 2516 daAuts
   Elf:1: 2496 daAuts
  Lair:2: 2393 daAuts
 Swamp:1: 2244 daAuts
 Swamp:3: 1875 daAuts
 Swamp:4: 1853 daAuts
